 Dungeon Crawl Stone Soup version 0.22.0-49-gab54619 (webtiles) character file.

180 Stepladder the Covered (level 5, -11/33 HPs)
             Began as a Gargoyle Fighter on Sept 8, 2018.
             Mangled by an orc warrior
             ... wielding a +0 dire flail of holy wrath
              (13 damage)
             ... on level 3 of the Dungeon.
             The game lasted 00:10:46 (2446 turns).

Stepladder the Covered (Gargoyle Fighter)           Turns: 2446, Time: 00:10:47

Health: -11/33     AC: 11    Str: 21    XL:     5   Next: 60%
Magic:  5/5        EV:  8    Int:  8    God:
Gold:   54         SH:  9    Dex:  9    Spells: 4/4 levels left

rFire    + . .     SeeInvis .   m - +0 hand axe (elec)
rCold    + . .     Gourm    .   c - +0 shield
rNeg     + . .     Faith    .   b - +0 scale mail
rPois    ∞         Spirit   .   (no helmet)
rElec    +         Reflect  .   k - scarf {rC+ rF+}
rCorr    .         Harm     .   (no gloves)
MR       .....                  (no boots)
Stlth    ..........             u - amulet of regeneration
HPRegen  0.51/turn              (no ring)
MPRegen  0.09/turn              (no ring)

@: no status effects
A: negative energy resistance 1, electricity resistance, unbreathing,
petrification resistance, rot immunity, AC +4
a: no special abilities


You were on level 3 of the Dungeon.
You were not hungry.

You visited 1 branch of the dungeon, and saw 4 of its levels.

You collected 54 gold pieces.

Inventory:

Hand Weapons
 a - a +0 flail
 m - a +0 hand axe of electrocution (weapon)
 n - a +0 hunting sling
 y - a +2 vampiric hand axe
Missiles
 j - 24 poisoned needles (quivered)
 s - 2 throwing nets
Armour
 b - a +0 scale mail (worn)
 c - a +0 shield (worn)
 k - a scarf of resistance (worn)
 w - a +0 plate armour
Jewellery
 u - an amulet of regeneration (around neck)
Wands
 v - a wand of iceblast (6)
 z - a wand of disintegration (9)
Scrolls
 e - a scroll of immolation {unknown}
 h - a scroll of identify
 l - a scroll of amnesia {unknown}
 t - 3 scrolls of teleportation {unknown}
 A - a scroll of remove curse {unknown}
Potions
 d - a potion of might
 g - 2 potions of mutation {unknown}
 i - a potion of degeneration {unknown}
 p - a potion of flight {unknown}
 q - 3 potions of curing
 r - a potion of agility {unknown}
Comestibles
 f - 5 rations
 x - a chunk of flesh


   Skills:
 + Level 4.0 Fighting
 - Level 1.0(1.7) Axes
 + Level 2.4(2.6) Maces & Flails
 + Level 4.1 Armour
 + Level 1.4 Dodging
 + Level 2.2 Stealth
 + Level 4.0 Shields


You had 4 spell levels left.
You didn't know any spells.
Your spell library was empty.

Dungeon Overview and Level Annotations

Branches:
Dungeon (4/15)
 Temple: D:4-7

Altars:
Yredelemnul


Innate Abilities, Weirdness & Mutations

You are resistant to torment.
Your stone body is resilient. (AC +4)
You are immune to poison.
You resist negative energy. (rN+)
You are resistant to electric shocks. (rElec)
You can survive without breathing.
You are immune to petrification.
You are immune to rotting.


Message History

You see here 2 stones.
There is a stone staircase leading down here.
As you read the scroll of identify, it crumbles to dust.
q - 3 potions of curing You climb downwards.
The orc warrior hits you with a dire flail of holy wrath! x2
There is a stone staircase leading up here.
The orc warrior hits you with a dire flail of holy wrath.
The orc barely misses you.
Your shield and scale mail prevent you from hitting the orc.
The orc hits you with a dagger.
You barely miss the orc warrior. You hit the orc. You barely miss the orc.
The orc warrior hits you with a dire flail of holy wrath!
* * * LOW HITPOINT WARNING * * *
You block the orc's attack. The orc closely misses you. x2
The orc warrior hits you with a dire flail of holy wrath.
* * * LOW HITPOINT WARNING * * *
You block the orc's attack.
The orc warrior hits you with a dire flail of holy wrath!
You die...

.###.##...## #...#.#.# #.#...
...........# #.......###.#...
.###.#.....# #........##..... .#
#.#.....# ##.......##..... .#
#.#.....# #.......##....( .#
#.#.....# #..............
.###.#.....# #.......##.....
..........#########.......##.....
.###.#....# #...@o.....#####.....
.###......# #...oo...............
.##.......###..........#.###.###.
.##..............###.###.# #.# #.
.........................###'###.
.##.[.....#####............'_'...
.#######..# #[.###.###.#######.
.#..... ..#####.<###.###.# ### #.
....... .................#######.


You could see an orc warrior and 2 orcs.

Vanquished Creatures
  6 adders
  An ooze (D:3)
  4 worms
  4 dart slugs
  4 leopard geckos
  9 orcs (D:3)
  4 giant cockroaches (D:1)
  4 goblins
  7 hobgoblins
  14 jackals
  A quokka (D:3)
  A ball python (D:1)
  7 bats
  4 frilled lizards (D:1)
  13 kobolds
  9 rats
92 creatures vanquished.

Notes
Turn   | Place    | Note
-------+----------+-------------------------------------------
     0 | D:1      | Stepladder the Gargoyle Fighter began the quest for the
                  | Orb.
     0 | D:1      | Reached XP level 1. HP: 14/14 MP: 1/1
   168 | D:1      | Reached XP level 2. HP: 15/19 MP: 2/2
   505 | D:1      | Reached XP level 3. HP: 23/23 MP: 3/3
   512 | D:1      | Reached skill level 1 in Stealth
   938 | D:2      | Reached skill level 1 in Dodging
   938 | D:2      | Reached XP level 4. HP: 28/29 MP: 4/4
  1281 | D:2      | You fall through a shaft for 2 floors!
  1504 | D:3      | Reached XP level 5. HP: 32/33 MP: 5/5
  1650 | D:3      | Reached skill level 1 in Axes
  1889 | D:3      | Found a basalt altar of Yredelemnul.
  1939 | D:3      | Noticed an orc warrior
  2446 | D:3      | Mangled by an orc warrior

Skill      XL: |  1  2  3  4  5 |
---------------+----------------+-----
Stealth        | 1 2 |  2.2
Dodging        | 1 |  1.4
Fighting       | 4 |  4.0
Axes           | 1 |  1.0
Armour         | 4 |  4.1
Shields        | 4 |  4.0
Maces & Flails | |  2.4

Action                   |  1- 3 |  4- 6 || total
-------------------------+-------+-------++-------
Melee: Flail             |   134 |       ||   134
       Hand axe          |    43 |   197 ||   240
  Use: Scroll            |     2 |     4 ||     6
  Eat: Chunk             |     1 |     5 ||     6
Armor: Scale mail        |    81 |   105 ||   186
Dodge: Dodged            |    55 |    69 ||   124
Block: Shield            |    93 |   109 ||   202
